TOP OF THE 1ST |
Orlando Calrissian batting - Pitching for Birmingham Steeldogs : RHP Manuel Romero
|
Pitching: RHP Manuel Romero
|
|
Batting: RHB José Pérez
|
0-0: Ground out 6-3 (Groundball, 6)
|
Batting: SHB Tim Abbott
|
0-0: Ball 1-0: Ground out 4-3 (Groundball, 4D)
|
Batting: RHB Pepe González
|
0-0: Ball 1-0: Ball 2-0: Ball 3-0: Called Strike 3-1: Base on Balls
|
Batting: RHB Rich Anderson
|
0-0: Ball 1-0: Ball 2-0: Ground out 1-3 (Groundball, 13S)
|
Top of the 1st over - 0 run(s), 0 hit(s), 0 error(s), 1 left on base; Orlando 0 - Birmingham 0 |
BOTTOM OF THE 1ST |
Birmingham Steeldogs batting - Pitching for Orlando Calrissian : RHP Reagan Wear
|
Pitching: RHP Reagan Wear
|
|
Batting: RHB Nick Webb
|
0-0: Called Strike 0-1: Foul Ball, location: 2F 0-2: Ball 1-2: Ground out 5-3 (Groundball, 56)
|
Batting: RHB Carlos García
|
0-0: Called Strike 0-1: Ball 1-1: Ball 2-1: Fly out, F7 (Line Drive, 7)
|
Batting: LHB Chris Miller
|
0-0: Called Strike 0-1: Ball 1-1: Swinging Strike 1-2: Ball 2-2: Strikes out looking
|
Bottom of the 1st over - 0 run(s), 0 hit(s), 0 error(s), 0 left on base; Orlando 0 - Birmingham 0 |
TOP OF THE 2ND |
Orlando Calrissian batting - Pitching for Birmingham Steeldogs : RHP Manuel Romero
|
Batting: LHB Santiago Márquez
|
0-0: Foul Ball, location: 2F 0-1: Called Strike 0-2: Fly out, F8 (Flyball, 8LD)
|
Batting: RHB Frederico Hernández
|
0-0: Called Strike 0-1: Called Strike 0-2: Strikes out swinging
|
Batting: RHB Raúl Canó
|
0-0: Ball 1-0: Ball 2-0: Ball 3-0: Called Strike 3-1: Called Strike 3-2: Strikes out looking
|
Top of the 2nd over - 0 run(s), 0 hit(s), 0 error(s), 0 left on base; Orlando 0 - Birmingham 0 |
BOTTOM OF THE 2ND |
Birmingham Steeldogs batting - Pitching for Orlando Calrissian : RHP Reagan Wear
|
Batting: RHB Valentín Borges
|
0-0: Called Strike 0-1: Ground out 1-3 (Groundball, 13S)
|
Batting: LHB José Hernández
|
0-0: Ball 1-0: Ball 2-0: Ball 3-0: Called Strike 3-1: SOLO HOME RUN (Line Drive, 9LD), Distance : 360 ft
|
Batting: RHB Sixto Vélez
|
0-0: Ball 1-0: Ball 2-0: Called Strike 2-1: Ball 3-1: Called Strike 3-2: TRIPLE (Flyball, 89D)
|
Batting: LHB José Rivera
|
0-0: Ball 1-0: Ball 2-0: Fly out, F6 (Line Drive, 6)
|
Batting: SHB Orlando Aguilar
|
0-0: Called Strike 0-1: Ball 1-1: Ball 2-1: Called Strike 2-2: Strikes out swinging, 2-3 out at first.
|
Bottom of the 2nd over - 1 run(s), 2 hit(s), 0 error(s), 1 left on base; Orlando 0 - Birmingham 1 |
TOP OF THE 3RD |
Orlando Calrissian batting - Pitching for Birmingham Steeldogs : RHP Manuel Romero
|
Batting: SHB Jaime Montés
|
0-0: Swinging Strike 0-1: Ball 1-1: Ground out 4-3 (Groundball, 4M)
|
Batting: SHB Brian Price
|
0-0: Ball 1-0: Ball 2-0: Ball 3-0: Base on Balls
|
Batting: RHB José Pérez
|
0-0: Called Strike 0-1: Foul Ball, location: 2F 0-2: Ball 1-2: Ball 2-2: SINGLE (Flyball, 7S) Brian Price to second
|
Batting: SHB Tim Abbott
|
0-0: Ball 1-0: Called Strike 1-1: Fly out, F6 (Popup, 6MD)
|
Batting: RHB Pepe González
|
0-0: Ball 1-0: Called Strike 1-1: Called Strike 1-2: Ball 2-2: Foul Ball, location: 2F 2-2: Ball 3-2: Strikes out swinging
|
Top of the 3rd over - 0 run(s), 1 hit(s), 0 error(s), 2 left on base; Orlando 0 - Birmingham 1 |
BOTTOM OF THE 3RD |
Birmingham Steeldogs batting - Pitching for Orlando Calrissian : RHP Reagan Wear
|
Batting: RHB José Carlos Caraballo
|
0-0: Ground out 4-3 (Groundball, 34)
|
Batting: RHB Nick Webb
|
0-0: Ball 1-0: Ball 2-0: Called Strike 2-1: Called Strike 2-2: Ball 3-2: Foul Ball, location: 2F 3-2: Ground out 6-3 (Groundball, 6)
|
Batting: RHB Carlos García
|
0-0: Called Strike 0-1: Ball 1-1: Called Strike 1-2: Ground out 6-3 (Groundball, 6)
|
Bottom of the 3rd over - 0 run(s), 0 hit(s), 0 error(s), 0 left on base; Orlando 0 - Birmingham 1 |
TOP OF THE 4TH |
Orlando Calrissian batting - Pitching for Birmingham Steeldogs : RHP Manuel Romero
|
Batting: RHB Rich Anderson
|
0-0: Swinging Strike 0-1: Ball 1-1: Foul Ball, location: 2F 1-2: Ball 2-2: SINGLE (Groundball, 6MS) (infield hit)
|
Batting: LHB Santiago Márquez
|
0-0: Called Strike 0-1: Ball 1-1: Ball 2-1: Swinging Strike 2-2: Strikes out looking
|
Batting: RHB Frederico Hernández
|
0-0: Fly out, F8 (Flyball, 8LS)
|
Batting: RHB Raúl Canó
|
0-0: Ball 1-0: Called Strike 1-1: SINGLE (Groundball, 34) (infield hit) Rich Anderson to second
|
Batting: SHB Jaime Montés
|
0-0: Foul Ball, location: 2F 0-1: Swinging Strike 0-2: Ball 1-2: DOUBLE (Line Drive, 78M) Rich Anderson scores Raúl Canó to third Runner from 3rd tries for Home, SAFE, no throw
|
Batting: SHB Brian Price
|
0-0: Ground out 4-3 (Groundball, 4)
|
Top of the 4th over - 2 run(s), 3 hit(s), 0 error(s), 1 left on base; Orlando 2 - Birmingham 1 |
BOTTOM OF THE 4TH |
Birmingham Steeldogs batting - Pitching for Orlando Calrissian : RHP Reagan Wear
|
Batting: LHB Chris Miller
|
0-0: Called Strike 0-1: Foul Ball, location: 2F 0-2: Ball 1-2: Ball 2-2: Ground out 5-3 (Groundball, 56)
|
Batting: RHB Valentín Borges
|
0-0: Reached on error, E5 (Groundball, 56S)
|
Batting: LHB José Hernández
|
0-0: Ball 1-0: Called Strike 1-1: Called Strike 1-2: Fly out, F9 (Flyball, 9S)
|
Batting: RHB Sixto Vélez
|
0-0: Called Strike 0-1: Ball 1-1: Ball 2-1: Swinging Strike 2-2: Foul Ball, location: 2F 2-2: Foul Ball, location: 2F 2-2: Ball 3-2: SINGLE (Line Drive, 7S) Valentín Borges to third Valentín Borges scores
|
Batting: LHB José Rivera
|
0-0: Called Strike 0-1: Ball 1-1: Fielders Choice at 2nd, 4-6 (Groundball, 4)
|
Bottom of the 4th over - 1 run(s), 1 hit(s), 1 error(s), 0 left on base; Orlando 2 - Birmingham 2 |
TOP OF THE 5TH |
Orlando Calrissian batting - Pitching for Birmingham Steeldogs : RHP Manuel Romero
|
Batting: RHB José Pérez
|
0-0: Ball 1-0: Foul Ball, location: 2F 1-1: Foul Ball, location: 2F 1-2: Fly out, F4 (Line Drive, 4)
|
Batting: SHB Tim Abbott
|
0-0: Called Strike 0-1: Ball 1-1: Ball 2-1: Foul Ball, location: 2F 2-2: Ball 3-2: Foul Ball, location: 2F 3-2: SOLO HOME RUN (Flyball, 9D), Distance : 382 ft
|
Batting: RHB Pepe González
|
0-0: Ground out 5-3 (Groundball, 56)
|
Batting: RHB Rich Anderson
|
0-0: Ball 1-0: SINGLE (Groundball, 6MD)
|
Batting: LHB Santiago Márquez
|
0-0: Called Strike 0-1: Called Strike 0-2: Ball 1-2: Ball 2-2: Foul Ball, location: 2F 2-2: Foul Ball, location: 2F 2-2: Fly out, F7 (Flyball, 78S)
|
Top of the 5th over - 1 run(s), 2 hit(s), 0 error(s), 1 left on base; Orlando 3 - Birmingham 2 |
BOTTOM OF THE 5TH |
Birmingham Steeldogs batting - Pitching for Orlando Calrissian : RHP Reagan Wear
|
Batting: SHB Orlando Aguilar
|
0-0: Ball 1-0: Ball 2-0: Called Strike 2-1: Swinging Strike 2-2: Strikes out looking
|
Batting: RHB José Carlos Caraballo
|
0-0: Ground out 5-3 (Groundball, 5S)
|
Batting: RHB Nick Webb
|
0-0: Called Strike 0-1: Ball 1-1: SINGLE (Line Drive, 34D)
|
Batting: RHB Carlos García
|
0-0: Ball 1-0: Called Strike 1-1: Ball 2-1: Ball 3-1: Called Strike 3-2: SINGLE (Line Drive, 6D) Nick Webb to second Nick Webb to third
|
Batting: LHB Chris Miller
|
0-0: Ball 1-0: Fly out, F9 (Flyball, 89S)
|
Bottom of the 5th over - 0 run(s), 2 hit(s), 0 error(s), 2 left on base; Orlando 3 - Birmingham 2 |
TOP OF THE 6TH |
Orlando Calrissian batting - Pitching for Birmingham Steeldogs : RHP Manuel Romero
|
Batting: RHB Frederico Hernández
|
0-0: Swinging Strike 0-1: Swinging Strike 0-2: Ball 1-2: Fly out, F9 (Flyball, 9)
|
Batting: RHB Raúl Canó
|
0-0: Ball 1-0: Called Strike 1-1: Swinging Strike 1-2: Ball 2-2: Strikes out swinging
|
Batting: SHB Jaime Montés
|
0-0: Called Strike 0-1: Ball 1-1: Ball 2-1: Ball 3-1: Foul Ball, location: 2F 3-2: Base on Balls
|
Batting: SHB Brian Price
|
0-0: Called Strike 0-1: Swinging Strike 0-2: Strikes out looking
|
Top of the 6th over - 0 run(s), 0 hit(s), 0 error(s), 1 left on base; Orlando 3 - Birmingham 2 |
BOTTOM OF THE 6TH |
Birmingham Steeldogs batting - Pitching for Orlando Calrissian : RHP Reagan Wear
|
Batting: RHB Valentín Borges
|
0-0: Called Strike 0-1: Ground out 4-3 (Groundball, 4)
|
Batting: LHB José Hernández
|
0-0: Ball 1-0: Fly out, F8 (Line Drive, 8RM)
|
Batting: RHB Sixto Vélez
|
0-0: Ball 1-0: Ball 2-0: Ground out 5-3 (Groundball, 5S)
|
Bottom of the 6th over - 0 run(s), 0 hit(s), 0 error(s), 0 left on base; Orlando 3 - Birmingham 2 |
TOP OF THE 7TH |
Orlando Calrissian batting - Pitching for Birmingham Steeldogs : RHP Manuel Romero
|
Pitching: RHP Ken Lyons
|
|
Batting: RHB José Pérez
|
0-0: Called Strike 0-1: Called Strike 0-2: Ball 1-2: Ground out 4-3 (Groundball, 4)
|
Batting: SHB Tim Abbott
|
0-0: Ball 1-0: SINGLE (Flyball, 8RS)
|
Pinch Hitting: SHB Cristo Ontiveros
|
0-0: Fly out, F8 (Line Drive, 8LS)
|
Batting: RHB Rich Anderson
|
0-0: Called Strike 0-1: SINGLE (Groundball, 34D) Tim Abbott to second Runner from 2nd tries for 3rd, SAFE, throw made to third Rich Anderson to second
|
Pinch Runner at 3rd John Moore:
|
|
Batting: LHB Santiago Márquez
|
0-0: Ball 1-0: Ball 2-0: Foul Ball, location: 2F 2-1: Foul Ball, location: 2F 2-2: Foul Ball, location: 2F 2-2: Ball 3-2: Base on Balls
|
Batting: RHB Frederico Hernández
|
0-0: Fielders Choice at 2nd, 6-4 (Groundball, 6)
|
Top of the 7th over - 0 run(s), 2 hit(s), 0 error(s), 2 left on base; Orlando 3 - Birmingham 2 |
BOTTOM OF THE 7TH |
Birmingham Steeldogs batting - Pitching for Orlando Calrissian : RHP Reagan Wear
|
Now at 2B: Enrique Bermúdez
|
|
Now at SS: John Moore
|
|
Batting: LHB José Rivera
|
0-0: Ball 1-0: Ball 2-0: Called Strike 2-1: Ball 3-1: Fly out, F3 (Popup, 3L)
|
Batting: SHB Orlando Aguilar
|
0-0: Ball 1-0: Ball 2-0: Called Strike 2-1: Swinging Strike 2-2: Foul Ball, location: 2F 2-2: Strikes out swinging
|
Batting: RHB José Carlos Caraballo
|
0-0: Ground out 5-3 (Groundball, 56S)
|
Bottom of the 7th over - 0 run(s), 0 hit(s), 0 error(s), 0 left on base; Orlando 3 - Birmingham 2 |
TOP OF THE 8TH |
Orlando Calrissian batting - Pitching for Birmingham Steeldogs : RHP Ken Lyons
|
Batting: RHB Raúl Canó
|
0-0: Ball 1-0: Foul Ball, location: 2F 1-1: Ball 2-1: Ball 3-1: Ground out 6-3 (Groundball, 6S)
|
Batting: SHB Jaime Montés
|
0-0: Ball 1-0: Called Strike 1-1: Ball 2-1: Ground out 4-3 (Groundball, 4)
|
Batting: SHB Brian Price
|
0-0: Ball 1-0: Ball 2-0: Ball 3-0: Called Strike 3-1: Foul Ball, location: 2F 3-2: Foul Ball, location: 2F 3-2: Strikes out looking
|
Top of the 8th over - 0 run(s), 0 hit(s), 0 error(s), 0 left on base; Orlando 3 - Birmingham 2 |
BOTTOM OF THE 8TH |
Birmingham Steeldogs batting - Pitching for Orlando Calrissian : RHP Reagan Wear
|
Batting: RHB Nick Webb
|
0-0: Foul Ball, location: 2F 0-1: Called Strike 0-2: Ground out 3-1 (Groundball, 34)
|
Batting: RHB Carlos García
|
0-0: Ground out 6-3 (Groundball, 6S)
|
Batting: LHB Chris Miller
|
0-0: Called Strike 0-1: Ball 1-1: Foul Ball, location: 2F 1-2: Foul Ball, location: 2F 1-2: Ground out 4-3 (Groundball, 34)
|
Bottom of the 8th over - 0 run(s), 0 hit(s), 0 error(s), 0 left on base; Orlando 3 - Birmingham 2 |
TOP OF THE 9TH |
Orlando Calrissian batting - Pitching for Birmingham Steeldogs : RHP Ken Lyons
|
Batting: RHB José Pérez
|
0-0: Ball 1-0: Swinging Strike 1-1: Ground out 4-3 (Groundball, 4M)
|
Batting: RHB John Moore
|
0-0: Called Strike 0-1: Foul Ball, location: 2F 0-2: Strikes out swinging
|
Batting: RHB Enrique Bermúdez
|
0-0: Ball 1-0: DOUBLE (Line Drive, 78XD)
|
Batting: RHB Rich Anderson
|
0-0: Foul Ball, location: 2F 0-1: Ball 1-1: Ball 2-1: Ball 3-1: Called Strike 3-2: Ground out 5-3 (Groundball, 56)
|
Top of the 9th over - 0 run(s), 1 hit(s), 0 error(s), 1 left on base; Orlando 3 - Birmingham 2 |
BOTTOM OF THE 9TH |
Birmingham Steeldogs batting - Pitching for Orlando Calrissian : RHP Reagan Wear
|
Pitching: LHP Xavier Velázquez
|
|
Batting: RHB Valentín Borges
|
0-0: Called Strike 0-1: Ground out U3 (Groundball, 34S)
|
Batting: LHB José Hernández
|
0-0: Ball 1-0: Called Strike 1-1: Ball 2-1: Foul Ball, location: 2F 2-2: Ball 3-2: Foul Ball, location: 2F 3-2: Foul Ball, location: 2F 3-2: Fly out, F6 (Popup, 6)
|
Batting: RHB Sixto Vélez
|
0-0: Called Strike 0-1: Ball 1-1: Foul Ball, location: 2F 1-2: Ball 2-2: Strikes out looking
|
Bottom of the 9th over - 0 run(s), 0 hit(s), 0 error(s), 0 left on base; Orlando 3 - Birmingham 2 |
|